 Dungeon Crawl Stone Soup version 0.17.1-3-g152610e (webtiles) character file.

70977 inmateoo the Bewitcher (level 14, -4/106 HPs)
             Began as a Vampire Enchanter on Apr 12, 2016.
             Was the Champion of Okawaru.
             Slain by a dire elephant (30 damage)
             ... on level 8 of the Lair of Beasts.
             The game lasted 01:09:20 (22861 turns).

inmateoo the Bewitcher (Vampire Enchanter)         Turns: 22861, Time: 01:09:20

Health: -4/106     AC: 18    Str:  8    XL:     14   Next: 96%
Magic:  6/26       EV: 19    Int: 20    God:    Okawaru [******]
Gold:   2083       SH:  0    Dex: 16    Spells: 8 memorised, 2 levels left

rFire  + + .     SeeInvis +     l - +9 dagger (venom)
rCold  . . .     Clarity  .     V - +5 steam dragon armour
rNeg   . . .     SustAt   .     (no shield)
rPois  .         Gourm    .     y - +2 hat {SInv}
rElec  .         Spirit   .     b - +0 cloak
rCorr  .         Warding  .     n - +0 pair of gloves "Tois" {rF+} (curse)
rMut   +         Stasis   .     m - +1 pair of boots
MR     +....                    p - amulet of resist mutation
Stlth  +++++++...               h - ring of protection from fire
                                r - +2 ring of protection

@: flying (expiring), very slightly contaminated, regenerating quickly, hasted,
very quick, somewhat resistant to hostile enchantments, extremely stealthy
A: fangs 3, see invisible, unbreathing
a: Heroism, Finesse, Renounce Religion


You were on level 8 of the Lair of Beasts.
You worshipped Okawaru.
Okawaru was exalted by your worship.
You were very full.

You visited 2 branches of the dungeon, and saw 23 of its levels.
You also visited: Labyrinth.

You collected 2160 gold pieces.
You spent 77 gold pieces at shops.

Inventory:

Hand Weapons
 a - a +1 blowgun
 l - a +9 dagger of venom (weapon)
 N - the +9 short sword of Sin {elec, rF+++ MR- Str-3 Dex+2}
   (You found it in a labyrinth)

   Occasionally, upon striking a foe, it will discharge some electrical energy
   and cause terrible harm.
   It affects your strength (-3).
   It affects your dexterity (+2).
   It renders you almost immune to fire.
   It affects your resistance to hostile enchantments.
 U - a +10 quick blade
Missiles
 i - 7 curare-tipped needles
Armour
 b - a +0 cloak (worn)
 m - a +1 pair of boots (worn)
 n - the cursed +0 pair of gloves "Tois" (worn) {rF+}
   (You found it on level 2 of the Lair of Beasts)

   It protects you from fire.
   It has a curse placed upon it.
 y - a +2 hat of see invisible (worn)
 B - the +3 shield "Paquh" {rCorr Slay+3}
   (Okawaru gifted it to you on level 11 of the Dungeon)

   It affects your accuracy and damage with ranged weapons and melee attacks
   (+3).
   It protects you from acid and corrosion.
 V - a +5 steam dragon armour (worn)
Jewellery
 h - a ring of protection from fire (right hand)
 p - an amulet of resist mutation (around neck)
 r - a +2 ring of protection (left hand)
Wands
 f - a wand of teleportation (8)
 o - a wand of cold (6)
 t - a wand of lightning (8)
 w - a wand of disintegration (3)
 A - a wand of lightning (7)
 I - a wand of lightning (7)
 Q - a wand of disintegration (18)
 X - a wand of draining (11)
 Y - a wand of paralysis (5)
Scrolls
 d - a scroll of blinking
 j - 4 scrolls of remove curse
 u - 3 scrolls of amnesia
 C - 2 scrolls of vulnerability
 D - 8 scrolls of teleportation
 H - 8 scrolls of fear
 L - 2 scrolls of recharging
 M - 2 scrolls of identify
 O - 2 scrolls of summoning
 R - 10 scrolls of fog
 S - a scroll of acquirement {unknown}
 W - 3 scrolls of magic mapping
Potions
 c - a potion of cancellation
 e - a potion of invisibility
 g - 3 potions of might
 k - 2 potions of agility
 q - 13 potions of curing
 s - 2 potions of brilliance
 x - 6 potions of heal wounds
 z - 3 potions of flight
 E - 3 potions of berserk rage
 F - a potion of cure mutation
 J - 4 potions of haste
 K - 2 potions of resistance
 P - 2 potions of magic
Books
 G - a book of Minor Magic

   Spells                             Type                      Level
   a - Magic Dart                     Conjuration                  1
   b - Blink                          Translocation                2
   c - Call Imp                       Summoning                    2
   d - Repel Missiles                 Charms/Air                   2
   e - Slow                           Hexes                        2
   f - Conjure Flame                  Conjuration/Fire             3
   g - Mephitic Cloud                 Conjuration/Poison/Air       3
 Z - a book of Enchantments

   Spells                             Type                      Level
   a - Cause Fear                     Hexes                        4
   b - Silence                        Hexes/Air                    5
   c - Deflect Missiles               Charms/Air                   6
   d - Haste                          Charms                       6
   e - Discord                        Hexes                        8
Miscellaneous
 v - a fan of gales (inert)
 T - a sack of spiders {used: 4}


   Skills:
 + Level 8.4 Fighting
 + Level 9.8 Short Blades
 + Level 0.2 Armour
 - Level 10.1 Dodging
 + Level 14.7 Stealth
 + Level 0.5 Shields
 + Level 8.8 Spellcasting
 + Level 15.8 Hexes
 - Level 10.7 Charms
 - Level 3.2 Translocations
 + Level 1.0 Air Magic
 - Level 3.2 Invocations
 + Level 7.1 Evocations


You had 2 spell levels left.
You knew the following spells:

 Your Spells              Type           Power        Failure   Level  Hunger
a - Corona                Hex            ######.      0%          1    None
b - Ensorcelled Hibernat  Hex/Ice        #####.       1%          2    None
c - Confuse               Hex            ######..     1%          3    None
d - Dazzling Spray        Conj/Hex       #####...     1%          3    None
e - Tukima's Dance        Hex            ######..     1%          3    None
f - Haste                 Chrm           ######..     17%         6    ######.
g - Passage of Golubria   Tloc           N/A          24%         4    ###....
h - Deflect Missiles      Chrm/Air       ####......   91%         6    ######.


Dungeon Overview and Level Annotations

Branches:
Dungeon (15/15)            Temple (0/1) D:5            Lair (8/8) D:10
  Swamp (0/4) Lair:5       Spider (0/4) Lair:5        Slime (0/6) Lair:8
    Orc (0/4) D:11         Vaults (0/5) D:13         Depths (0/5) D:15

Altars:
Cheibriados
Dithmenos
Elyvilon
Fedhas
Makhleb
Nemelex Xobeh
Okawaru
Qazlal
Ru
Sif Muna
Trog
Vehumet
Zin
Beogh

Shops:
D:4 !   D:6 %   D:8 (

Annotations:
D:10 exclusion: orange crystal statue
D:11 1 exclusion


Innate Abilities, Weirdness & Mutations

Your natural rate of healing is unusually fast.
You have razor-sharp teeth.
You have supernaturally acute eyesight.
You can survive without breathing.


Message History

Your spider holds its ground!
Your spider dies!
Your spider's corpse disappears in a puff of smoke!
Unknown command.
The dire elephant tramples your spider!
Your spider holds its ground!
The dire elephant trunk-slaps your spider.
The dire elephant tramples your scorpion!!!
Your scorpion holds its ground!
Your scorpion dies!
Your scorpion's corpse disappears in a puff of smoke!
Your spider barely misses the dire elephant.
Your spider bites the dire elephant but does no damage.
The dire elephant closely misses your spider. x2
Your spider bites the dire elephant.
Unknown command.
The dire elephant trumpets!
You hit the dire elephant but do no damage.
The dire elephant is almost dead.
Your spider bites the dire elephant.
The dire elephant tramples you!!
You die...

#8.8#...#♣...P.#....
##+####.##..PPP.....
##...≈#..#.PPP......
#..≈≈≈##.#..P.......
#s≈§≈≈≈#.#..PP#.....
#≈≈≈≈≈.#.#..P##P....
##s≈≈.##.#...#......
##Y'####.#...##P....
#§.@.##8.#....#.....
#....#8..+...#......
#..ss#.⌠.+..####....
#[%Y$#8..+...###....
##=:###8.#....#.....
#######.#...##.#..#
##....##.#...####..#
#......#.#.###P##...
#......#.#####......


You could see 2 dire elephants and 4 friendly spiders.

Vanquished Creatures
  A minotaur (Lab)
  A vault guard (D:13)
  2 fire dragons (D:15)
  An anaconda (Lair:8)
  8 hydras
  3 centaur warriors
  2 catoblepae
  The ghost of Tobisume the Spear-Bearer, a novice DsFi of Cheibriados (D:10)
  A death yak (Lair:8)
  A tengu warrior (D:12)
  Sonja (Lair:4)
  A fire crab (Lair:8)
  2 unseen horrors
  2 hill giants
  A lindwurm (Lair:8)
  Pikel (D:7)
  9 ugly things
  A wolf spider zombie (D:14)
  A wizard (D:14)
  2 cyclopes (D:14)
  A griffon (Lair:5)
  8 elephants
  5 black mambas
  14 spiny frogs
  A kobold demonologist (D:15)
  8 komodo dragons
  3 trolls
  2 two-headed ogres
  A fire drake (Lair:8)
  A freezing wraith (D:12)
  The ghost of inmateoo the Sneak, a novice FeSu of Nemelex Xobeh (D:8)
  13 blink frogs
  4 polar bears
  4 water elementals (D:14)
  2 wyverns
  2 spriggans
  Sigmund (D:6)
  2 wraiths
  3 deep elf magi
  2 fire bats (Lair:5)
  A fire elemental (Lair:5)
  39 yaks
  A basilisk (Lair:2)
  7 hippogriffs
  A spriggan (shapeshifter) (D:15)
  A steam dragon (D:10)
  A hungry ghost (D:15)
  Menkaure (D:6)
  6 vampire mosquitoes
  2 mottled dragons (D:14)
  2 soldier ants
  12 water moccasins
  13 wolves
  3 porcupines
  2 phantoms
  A necrophage (D:8)
  3 black bears
  6 sky beasts
  8 spiders (Lair:5)
  7 orc warriors
  3 ice beasts
  2 slaves (D:7)
  10 ogres
  13 centaurs
  19 crocodiles
  The ghost of Heskey the Skirmisher, an amateur GrFi (D:4)
  A big kobold (D:12)
  20 giant frogs
  A wyvern zombie (D:12)
  A water moccasin zombie (D:9)
  2 wyvern skeletons
  4 scorpions
  4 wights
  5 electric eels
  8 hounds
  A crimson imp (D:9)
  4 centaur zombies
  A giant frog skeleton (D:7)
  9 iguanas
  6 orc priests
  6 centaur skeletons
  2 giant frog zombies
  6 jellies
  12 orc wizards
  Jessica (D:3)
  Terence (D:2)
  26 sheep
  7 worker ants
  A killer bee zombie (D:9)
  A hound zombie (D:9)
  2 hound skeletons
  5 gnolls
  50 river rats
  12 adders
  7 shadow imps
  A worm (D:1)
  5 giant geckos
  57 orcs
  2 giant cockroaches
  8 goblins
  10 hobgoblins
  12 jackals
  4 quokkas
  8 bats
  2 giant newts
  11 kobolds
  A quokka zombie (D:5)
  5 rats
  2 fungi
  3 plants (Lair:8)
622 creatures vanquished.

Vanquished Creatures (collateral kills)
  Maud (Lair:4)
  An ogre mage (D:15)
  2 death yaks (Lair:8)
  2 tengu warriors
  2 hill giants
  2 ugly things
  A centaur zombie (D:14)
  A gargoyle (D:14)
  3 two-headed ogres
  3 slime creatures (D:15)
  2 yaks
  A deep elf mage (D:10)
  3 orc warriors (D:11)
  7 ogres
  A crocodile (Lair:4)
  6 wights
  A hound (D:12)
  2 orc priests (D:11)
  An orc wizard (D:8)
  A shadow imp (D:15)
  6 orcs
49 creatures vanquished.

Vanquished Creatures (others)
  A dancing weapon (Lab)
  8 fungi (Lair:8)
  2 plants (Lair:8)
11 creatures vanquished.

Grand Total: 682 creatures vanquished

Notes
Turn   | Place    | Note
--------------------------------------------------------------
     0 | D:1      | inmateoo the Vampire Enchanter began the quest for the Orb.
     0 | D:1      | Reached XP level 1. HP: 13/13 MP: 3/3
   323 | D:1      | Reached XP level 2. HP: 7/19 MP: 5/5
   512 | D:1      | Learned a level 2 spell: Ensorcelled Hibernation
   936 | D:1      | Reached skill level 5 in Hexes
   936 | D:1      | Reached XP level 3. HP: 24/24 MP: 2/6
   961 | D:1      | Learned a level 3 spell: Confuse
  1285 | D:2      | You fall through a shaft!
  1370 | D:3      | Noticed Jessica
  1376 | D:3      | Killed Jessica
  1376 | D:3      | Reached skill level 6 in Hexes
  1376 | D:3      | Reached XP level 4. HP: 30/30 MP: 7/7
  1378 | D:3      | Reached skill level 5 in Stealth
  1394 | D:3      | Found a deep blue altar of Sif Muna.
  1660 | D:3      | Reached XP level 5. HP: 35/35 MP: 8/8
  2119 | D:2      | Found a radiant altar of Vehumet.
  2131 | D:2      | Found a burning altar of Makhleb.
  2273 | D:2      | Noticed Terence
  2277 | D:2      | Killed Terence
  2417 | D:2      | Found a sacrificial altar of Ru.
  2831 | D:4      | Found Feishrim's Distillery.
  2860 | D:4      | Bought a potion of poison for 11 gold pieces
  2860 | D:4      | Bought a potion of degeneration for 11 gold pieces
  2860 | D:4      | Bought a potion of heal wounds for 55 gold pieces
  2873 | D:4      | Noticed an ogre
  2883 | D:4      | Killed an ogre
  2883 | D:4      | Reached skill level 7 in Hexes
  2883 | D:4      | Reached XP level 6. HP: 40/42 MP: 6/10
  2888 | D:4      | Learned a level 3 spell: Dazzling Spray
  2903 | D:4      | Noticed Heskey's ghost (amateur GrFi)
  2915 | D:4      | Found an iron altar of Okawaru.
  2925 | D:4      | Became a worshipper of Warmaster Okawaru
  2928 | D:4      | Found a snail-covered altar of Cheibriados.
  2983 | D:4      | Reached skill level 1 in Fighting
  3016 | D:4      | Noticed an ogre
  3021 | D:4      | Killed an ogre
  3140 | D:4      | Found a sparkling altar of Nemelex Xobeh.
  3252 | D:4      | Noticed an ogre
  3253 | D:4      | Noticed an ogre
  3316 | D:3      | Killed an ogre
  3316 | D:3      | Reached XP level 7. HP: 48/48 MP: 1/11
  3612 | D:4      | Killed an ogre
  3612 | D:4      | Reached skill level 8 in Hexes
  3882 | D:4      | Killed Heskey's ghost
  3904 | D:5      | Entered Level 5 of the Dungeon
  3926 | D:5      | Reached * piety under Okawaru
  4163 | D:5      | Found a glowing silver altar of Zin.
  4204 | D:5      | Reached XP level 8. HP: 56/56 MP: 13/13
  4217 | D:5      | Found a staircase to the Ecumenical Temple.
  4227 | D:5      | Reached skill level 9 in Hexes
  4501 | D:5      | Learned a level 3 spell: Tukima's Dance
  4524 | D:5      | Found a bloodstained altar of Trog.
  4628 | D:5      | Reached ** piety under Okawaru
  4801 | D:6      | Reached skill level 5 in Dodging
  4891 | D:6      | Found Duihin Uzunn's Food Emporium.
  4976 | D:6      | Noticed Menkaure
  4997 | D:6      | Reached skill level 10 in Hexes
  5044 | D:6      | Killed Menkaure
  5073 | D:6      | Noticed Sigmund
  5098 | D:6      | Killed Sigmund
  5098 | D:6      | Reached *** piety under Okawaru
  5098 | D:6      | Reached XP level 9. HP: 61/64 MP: 11/15
  5312 | D:6      | Found a blossoming altar of Fedhas.
  5431 | D:7      | Found a white marble altar of Elyvilon.
  5616 | D:7      | Reached skill level 5 in Short Blades
  5708 | D:7      | Noticed Pikel
  5737 | D:7      | Killed Pikel
  5737 | D:7      | Reached **** piety under Okawaru
  5737 | D:7      | Reached skill level 11 in Hexes
  5737 | D:7      | Reached skill level 1 in Invocations
  6123 | D:7      | Found an iron altar of Okawaru.
  6359 | D:8      | Reached skill level 5 in Spellcasting
  6388 | D:8      | Found Elinix's Antique Weapon Boutique.
  6603 | D:8      | Noticed inmateoo's ghost (novice FeSu)
  6615 | D:8      | Killed inmateoo's ghost
  6888 | D:8      | Got a transparent plate armour
  6900 | D:8      | Identified the cursed +0 plate armour "Qutoitta" {+Inv MP+9 SInv Stlth+} (You found it on level 8 of the Dungeon)
  6927 | D:8      | Reached XP level 10. HP: 67/72 MP: 4/17
  6947 | D:8      | Reached skill level 12 in Hexes
  7184 | D:8      | Found a stormy altar of Qazlal.
  7510 | D:9      | Reached ***** piety under Okawaru
  7769 | D:9      | Noticed a hill giant
  7772 | D:9      | Killed a hill giant
  7772 | D:9      | Reached skill level 10 in Stealth
  7924 | D:10     | Entered Level 10 of the Dungeon
  8046 | D:10     | Noticed an orange crystal statue
  8224 | D:10     | Noticed Tobisume's ghost (novice DsFi)
  8376 | D:10     | Killed Tobisume's ghost
  8376 | D:10     | Received a gift from Okawaru
  8474 | D:10     | Reached skill level 1 in Evocations
  8545 | D:10     | Found a staircase to the Lair.
  8561 | D:10     | Reached skill level 5 in Fighting
  8561 | D:10     | Reached skill level 13 in Hexes
  8884 | D:10     | Reached XP level 11. HP: 79/79 MP: 14/20
  9140 | D:11     | Found a roughly hewn altar of Beogh.
  9140 | D:11     | Found a staircase to the Orcish Mines.
  9209 | D:11     | Received a gift from Okawaru
  9230 | D:11     | Got a brightly glowing shield {god gift}
  9268 | D:11     | Found a shadowy altar of Dithmenos.
  9280 | D:11     | Found a labyrinth entrance.
  9293 | Lab      | Entered a labyrinth
  9457 | Lab      | Noticed a minotaur
  9469 | Lab      | Killed a minotaur
  9474 | Lab      | Got a bone short sword {elec}
  9477 | Lab      | Identified the +9 short sword of Sin {elec, rF+++ MR- Str-3 Dex+2} (You found it in a labyrinth)
  9489 | Lab      | Identified the +3 shield "Paquh" {rCorr Slay+3} (Okawaru gifted it to you on level 11 of the Dungeon)
  9499 | Lab      | Identified the Papyrus of Malediction and the Compass (You found it in a labyrinth)
  9623 | D:11     | Learned a level 6 spell: Haste
  9757 | D:11     | Noticed an unseen horror
  9759 | D:11     | Killed an unseen horror
  9759 | D:11     | Reached skill level 1 in Charms
 10214 | D:12     | Noticed a centaur warrior
 10218 | D:12     | Killed a centaur warrior
 10377 | D:12     | Reached skill level 14 in Hexes
 10473 | D:12     | Learned a level 4 spell: Passage of Golubria
 10644 | D:12     | Noticed a hill giant
 10647 | D:12     | Killed a hill giant
 10654 | D:12     | Noticed a tengu warrior
 10654 | D:12     | Noticed a tengu warrior
 10779 | D:12     | Killed a tengu warrior
 10781 | D:12     | Killed a tengu warrior
 10781 | D:12     | Reached XP level 12. HP: 87/87 MP: 7/22
 10812 | D:12     | Reached ****** piety under Okawaru
 10812 | D:12     | Received a gift from Okawaru
 11023 | D:13     | Noticed a centaur warrior
 11028 | D:13     | Killed a centaur warrior
 11041 | D:13     | Reached skill level 5 in Charms
 11055 | D:13     | Received a gift from Okawaru
 11058 | D:13     | Got a steaming dagger {god gift}
 11060 | D:13     | Identified the +3 dagger "Xytagh" {pierce, rPois rC- MR+ Int+4} (Okawaru gifted it to you on level 13 of the Dungeon)
 11170 | D:13     | Found a gate to the Vaults.
 11170 | D:13     | Noticed a vault guard
 11195 | D:13     | Killed a vault guard
 12716 | D:14     | Received a gift from Okawaru
 12772 | D:14     | Noticed a centaur warrior
 12779 | D:14     | Killed a centaur warrior
 12830 | D:14     | Noticed a catoblepas
 12851 | D:14     | Killed a catoblepas
 12954 | D:14     | Reached XP level 13. HP: 70/95 MP: 20/24
 13191 | D:15     | Entered Level 15 of the Dungeon
 13200 | D:15     | Reached skill level 5 in Evocations
 13543 | D:15     | Found a staircase to the Depths.
 13661 | D:15     | Found a sparkling altar of Nemelex Xobeh.
 13885 | D:15     | Reached skill level 15 in Hexes
 14324 | Lair:1   | Entered Level 1 of the Lair of Beasts
 14367 | Lair:1   | Received a gift from Okawaru
 14562 | Lair:1   | Got a dazzling long sword
 14843 | Lair:1   | Reached skill level 1 in Translocations
 15473 | Lair:2   | Got a pair of ancient gloves
 15479 | Lair:2   | Identified the cursed +0 pair of gloves "Tois" {rF+} (You found it on level 2 of the Lair of Beasts)
 15784 | Lair:2   | Learned a level 6 spell: Deflect Missiles
 15788 | Lair:2   | Gained mutation: You are partially covered in icy blue scales (AC +1). [potion of mutation]
 15788 | Lair:2   | Gained mutation: Your body sometimes deteriorates upon taking damage. [potion of mutation]
 16763 | Lair:3   | Received a gift from Okawaru
 17596 | Lair:4   | Reached XP level 14. HP: 103/103 MP: 19/26
 17659 | Lair:4   | Noticed Maud
 17684 | Lair:4   | Killed Maud
 17750 | Lair:4   | Found an iron altar of Okawaru.
 17751 | Lair:4   | Noticed Sonja
 17758 | Lair:4   | Killed Sonja
 18086 | Lair:4   | Received a gift from Okawaru
 18096 | Lair:4   | Got a brightly glowing rapier {god gift}
 18097 | Lair:4   | Identified the +1 rapier of the Radish {drain, Str+4 Stlth+} (Okawaru gifted it to you on level 4 of the Lair of Beasts)
 18364 | Lair:5   | Found a hole to the Spider Nest.
 19036 | Lair:5   | Found a staircase to the Swamp.
 19550 | Lair:6   | Reached skill level 10 in Charms
 20406 | Lair:7   | Received a gift from Okawaru
 20422 | Lair:7   | Got a faintly glowing dagger {god gift}
 20424 | Lair:7   | Identified the +6 dagger of Symmetry {speed, Int+5} (Okawaru gifted it to you on level 7 of the Lair of Beasts)
 20974 | Lair:8   | Entered Level 8 of the Lair of Beasts
 20980 | Lair:8   | Found a staircase to the Slime Pits.
 21206 | Lair:8   | Lost mutation: Your body sometimes deteriorates upon taking damage. [potion of cure mutation]
 21206 | Lair:8   | Lost mutation: You are partially covered in icy blue scales (AC +1). [potion of cure mutation]
 21217 | Lair:8   | Reached skill level 10 in Dodging
 21735 | Lair:8   | Received a gift from Okawaru
 22369 | Lair:8   | Received a gift from Okawaru
 22823 | Lair:8   | Reached skill level 1 in Air Magic
 22861 | Lair:8   | Slain by a dire elephant

Action                   |  1- 3 |  4- 6 |  7- 9 | 10-12 | 13-15 || total
-------------------------+-------+-------+-------+-------+-------++-------
Melee: Dagger            |    68 |    75 |   212 |   446 |   810 ||  1611
       Short sword       |       |       |       |    65 |    34 ||    99
 Cast: Ensorcelled Hiber |    13 |     9 |    13 |    51 |   123 ||   209
       Confuse           |       |     6 |    19 |    47 |    53 ||   125
       Dazzling Spray    |       |     4 |    10 |    20 |    92 ||   126
       Tukima's Dance    |       |       |     8 |    21 |     6 ||    35
       Haste             |       |       |       |       |     1 ||     1
Evoke: Wand              |       |       |       |       |     2 ||     2
       Sack of spiders   |       |       |       |       |     4 ||     4
       Fan of gales      |       |       |       |       |     1 ||     1
  Use: Potion            |     3 |       |     3 |       |     5 ||    11
       Scroll            |       |       |    22 |    13 |    15 ||    50
 Stab: Sleeping          |    18 |    16 |    31 |    74 |    88 ||   227
       Confused          |       |     1 |    13 |    26 |    27 ||    67
       Invisible         |       |     1 |     3 |     5 |    27 ||    36
       Distracted        |       |       |       |     2 |     4 ||     6
  Eat: Corpse            |     9 |    10 |    16 |    33 |    51 ||   119
